 Dungeon Crawl Stone Soup version 0.19-a0-678-ge7aab0b (webtiles) character file.

99 FitzyFitz the Chopper (level 4, -3/37 HPs)
             Began as a Hill Orc Gladiator on June 16, 2016.
             Killed from afar by Syn's ghost (12 damage)
             ... with a puff of flame
             ... on level 3 of the Dungeon.
             The game lasted 00:04:05 (2467 turns).

FitzyFitz the Chopper (Hill Orc Gladiator)          Turns: 2467, Time: 00:04:05

Health: -3/37      AC:  7    Str: 18    XL:     4   Next: 72%
Magic:  4/4        EV: 10    Int:  8    God:
Gold:   120        SH:  0    Dex: 14    Spells: 0 memorised, 3 levels left

rFire  . . .     SeeInvis .     a - +0 war axe
rCold  . . .     Gourm    .     l - +0 scale mail
rNeg   . . .     Faith    .     (no shield)
rPois  .         Spirit   .     c - +0 helmet
rElec  .         Dismiss  .     (no cloak)
rCorr  .         Reflect  .     (no gloves)
SustAt .         Harm     .     (no boots)
MR     .....                    (no amulet)
Stlth  ..........               s - +3 ring of dexterity
                                b - ring of wizardry

@: not resistant to hostile enchantments, extremely unstealthy
A: no striking features
a: no special abilities


You were on level 3 of the Dungeon.
You were not hungry.

You visited 1 branch of the dungeon, and saw 3 of its levels.

You collected 120 gold pieces.

Inventory:

Hand Weapons
 a - a +0 war axe (weapon)
Missiles
 d - 2 throwing nets (quivered)
Armour
 c - a +0 helmet (worn)
 g - a +0 ring mail
 l - a +0 scale mail (worn)
 A - a +0 chain mail
Jewellery
 b - a ring of wizardry (left hand)
 s - a +3 ring of dexterity (right hand)
 y - an uncursed ring of wizardry
Wands
 z - a wand of random effects (21/48)
Scrolls
 e - 4 scrolls of teleportation {unknown}
 h - 2 scrolls of enchant armour {unknown}
 i - 5 scrolls of remove curse {unknown}
 n - 4 scrolls of identify {unknown}
 o - a scroll of recharging {unknown}
 q - a scroll of magic mapping {unknown}
 u - a scroll of amnesia {unknown}
 w - 2 scrolls of fear {unknown}
Potions
 j - 2 potions of flight {unknown}
 k - 2 potions of heal wounds {unknown}
 m - 3 potions of curing {unknown}
 p - a potion of invisibility {unknown}
 r - 2 potions of degeneration {unknown}
 t - a potion of brilliance {unknown}
 v - a potion of might {unknown}
Comestibles
 f - 2 bread rations
 x - 11 chunks of flesh


   Skills:
 - Level 2.4 Fighting
 + Level 5.7 Axes
 - Level 1.7 Throwing
 + Level 3.1 Armour
 - Level 2.4 Dodging


You had 3 spell levels left.
You didn't know any spells.

Dungeon Overview and Level Annotations

Branches:
Dungeon (3/15)

Altars:

Annotations:
D:3 Syn's ghost, amateur OgFE


Message History

Syn's ghost casts a spell at you. The puff of flame hits you!
* * * LOW HITPOINT WARNING * * *
Syn's ghost casts a spell at you. The puff of flame misses you.
A giant gecko comes into view.
The giant gecko bites you but does no damage.
You hit the giant gecko.
The giant gecko is heavily wounded.
The giant gecko bites you but does no damage.
You hit the giant gecko but do no damage.
The giant gecko is heavily wounded.
The giant gecko bites you but does no damage.
The giant gecko bites you.
* * * LOW HITPOINT WARNING * * *
You hit the giant gecko.
You kill the giant gecko!
Syn's ghost gestures at you while chanting.
The puff of flame hits you!
You die...

#####.# ####...#.# #.#
... ......# #####.# #)#
..# ####### #.# #.# (#
#.# ##)## ######### #W#
#...# ........# #.#
#.....#.....# ..#####.#
#.# #.###. .##..#
...####.# #.# ## ## .#
........# #@# #
...#.#..########)## #
..##..............##.#.##
.#####..###..............
.# #..# #.##....##.#.#.
.# #..# #.##.#.## # #..#
#.##.#.# #..# #.##...#
#... ..##..##


You could see Syn's ghost.

Vanquished Creatures
  Jessica (D:3)
  A gnoll (D:1)
  A worm (D:2)
  3 giant geckos
  2 ball pythons (D:2)
  4 giant cockroaches
  5 goblins
  8 hobgoblins
  A quokka (D:2)
  6 bats
  2 giant newts (D:2)
  6 kobolds
  20 rats
60 creatures vanquished.

Notes
Turn   | Place    | Note
--------------------------------------------------------------
     0 | D:1      | FitzyFitz the Hill Orc Gladiator began the quest for the Orb.
     0 | D:1      | Reached XP level 1. HP: 18/18 MP: 1/1
   744 | D:1      | Reached skill level 1 in Armour
   744 | D:1      | Reached XP level 2. HP: 25/25 MP: 2/2
  1286 | D:2      | Reached XP level 3. HP: 26/30 MP: 3/3
  1439 | D:2      | Reached skill level 5 in Axes
  1894 | D:2      | Reached XP level 4. HP: 37/37 MP: 4/4
  2347 | D:3      | Noticed Jessica
  2357 | D:3      | Killed Jessica
  2392 | D:3      | Noticed Syn's ghost (amateur OgFE)
  2467 | D:3      | Killed from afar by Syn's ghost

Vault maps used:
D:1:      lightli_arrival_noodles
D:2:      grunt_decor_fettered, minmay_rat_gold_closets
D:3:      columned_hall_lemuel, uniq_robin, uniq_jessica

Skill      XL: |  1  2  3  4 |
---------------+-------------+-----
Armour         | 1 2 3 |  3.1
Axes           | 5 |  5.7
Fighting       | |  2.4
Throwing       | |  1.7
Dodging        | |  2.4

Action                   |  1- 3 |  4- 6 || total
-------------------------+-------+-------++-------
Melee: War axe           |   127 |    42 ||   169
Throw: Throwing net      |     1 |       ||     1
  Eat: Chunk             |     3 |     2 ||     5
Armor: Ring mail         |     5 |       ||     5
       Scale mail        |    48 |    23 ||    71
Dodge: Dodged            |    85 |    23 ||   108
